 Dungeon Crawl Stone Soup version 0.27-a0-1242-ge70438ac7b (webtiles) character file.

Game seed: 161518688268194355

1041 Froggeryz the Magician (level 8, 0/56 HPs)
             Began as a Djinni Fire Elementalist on June 9, 2021.
             Was an Initiate of Ru.
             Slain by a two-headed ogre
             ... wielding a +0 giant club
              (14 damage)
             ... while paralysed by an ogre mage
             ... on level 12 of the Dungeon.
             The game lasted 00:08:36 (6640 turns).

Froggeryz the Magician (Djinni Fire Elementalist)   Turns: 6640, Time: 00:08:37

Health: 0/56       AC:  5    Str:  7    XL:     8   Next: 49%
Gold:   238        EV:  2    Int: 18    God:    Ru [......] SH:  0 Dex: 15

rFire    + + .     SeeInvis .   e - staff of conjuration
rCold    x . .     Faith    .   (no shield)
rNeg     . . .     Spirit   .   a - +0 robe
rPois    ∞         Reflect  .   (no helmet)
rElec    .         Harm     .   (no cloak)
rCorr    .         Rampage  .   n - +2 pair of gloves
Will     .....                  (boots unavailable)
Stlth    ++........             (no amulet)
HPRegen  0.18/turn              g - ring of wizardry
MPRegen  0.00/turn              (no ring)

@: paralysed, flying
A: sickness immunity, fire resistance 2, cold vulnerability 1, float, innate
caster, hp casting, extra vitality 1
a: Renounce Religion


You were on level 12 of the Dungeon.
You worshipped Ru.
Ru was noncommittal.
You visited 2 branches of the dungeon, and saw 9 of its levels.

You collected 238 gold pieces.

Inventory:

Armour
 a - a +0 robe (worn)
 n - a +2 pair of gloves (worn)
 r - a +0 buckler
Magical Staves
 e - a staff of conjuration (weapon)
Jewellery
 g - a ring of wizardry (left hand)
Wands
 u - a wand of digging (6)
Scrolls
 b - 2 scrolls of enchant weapon
 l - a scroll of torment
 m - 2 scrolls of vulnerability
 o - a scroll of enchant armour
 q - a scroll of identify
Potions
 c - a potion of haste {unknown}
 d - 2 potions of curing {unknown}
 h - a potion of attraction {unknown}
 j - 2 potions of berserk rage {unknown}
 k - a potion of lignification {unknown}
 s - a potion of heal wounds {unknown}
 t - a potion of cancellation {unknown}


   Skills:
 - Level 3.5 Fighting
 - Level 2.1 Dodging
 - Level 1.5 Stealth
 + Level 3.5 Shields
 * Level 6.3 Spellcasting


You couldn't memorise any spells.
You knew the following spells:

 Your Spells              Type           Power      Damage    Failure   Level
a - Foxfire               Conj/Fire      100%       2x1d9     1%          1
b - Conjure Flame         Conj/Fire      43%        6-21      1%          3
c - Inner Flame           Hex/Fire       28%        N/A       1%          3
d - Sticky Flame          Conj/Fire      43%        2d6       3%          4
e - Fireball              Conj/Fire      21%        3d10      10%         5
f - Corona                Hex            31%        N/A       1%          1
g - Call Imp              Summ           28%        N/A       1%          2
h - Slow                  Hex            28%        N/A       1%          2
Your spell library was empty.

Dungeon Overview and Level Annotations

Branches:
Dungeon (9/15)             Temple (1/1) D:5             Orc (0/2) D:9
   Lair: D:8-11

Altars:
Cheibriados
Dithmenos
Elyvilon
Fedhas
Gozag
Kikubaaqudgha
Makhleb
Nemelex Xobeh
Okawaru
Ru
Sif Muna
Trog
Uskayaw
Wu Jian
Xom
Yredelemnul
Zin
The Shining One

Shops:
D:1 !

Annotations:
D:4 3 runed translucent doors, Gilette's ghost, amateur FoFi; Kinoniko's ghost, novice GnBe


Innate Abilities, Weirdness & Mutations

You are immune to sickness and miasma.
You are immune to poison.
Your flesh is very heat resistant. (rF++)
You are vulnerable to cold. (rC-)
You float through the air rather than walking.
You learn spells naturally, not from books.
Your magical power is your life essence.
You have superior vitality. (+4 HP)


Message History

The two-headed ogre completely misses your iron imp.
The two-headed ogre hits your iron imp with a +0 giant spiked club!!
Your iron imp dies!
The two-headed ogre barely misses your white imp.
The two-headed ogre hits your white imp with a +0 giant club!
Your white imp barely misses the two-headed ogre.
Your white imp hits the two-headed ogre.
Your white imp freezes the two-headed ogre.
You hear some strange, mumbled words.
The two-headed ogre seems to speed up.
Your white imp hits the two-headed ogre but does no damage.
The two-headed ogre hits your white imp with a +0 giant club!
Your white imp dies!
Your white imp gestures at the two-headed ogre.
The puff of frost hits the two-headed ogre.
The two-headed ogre barely misses you. The two-headed ogre closely misses you.
As you read the scroll of fear, it crumbles to dust.
You assume a fearsome visage.
The two-headed ogre looks frightened! x5
The two-headed ogre hits your white imp with a +0 dire flail! x2
Your white imp dies!
You hear some strange, mumbled words.
A bolt of magma appears from out of thin air!
The bolt of magma misses you.
Your crimson imp hits the two-headed ogre but does no damage.
Your crimson imp's attack snaps the two-headed ogre out of its fear.
Something hits you!
Found a scroll of teleportation.
Your crimson imp hits the two-headed ogre but does no damage.
Found a scroll of enchant weapon.
Okay, then.
Your crimson imp blinks!
The two-headed ogre seems to regain its courage.
Your crimson imp hits the two-headed ogre.
You hear some strange, mumbled words.
You suddenly lose the ability to move!
Your crimson imp hits something but does no damage.
The two-headed ogre hits you with a +0 giant club!
* * * LOW HITPOINT WARNING * * *
The two-headed ogre hits you with a +0 giant club!
You die...

########.
##..?.....
#......?#.
#.........
#.......#.
#.........
#O@O......
#.........
###.........
#...5.....#.
#....)......
#..O.).####.
#....)..##
#.........
#.....O§#..


You could see 3 two-headed ogres and a friendly crimson imp (summoned).

Vanquished Creatures
  An ice beast (D:5)
  2 black bears (D:5)
  2 ogres (D:4)
  A centaur (D:9)
  A scorpion (D:5)
  A centaur zombie (D:5)
  A bullfrog zombie (D:5)
  A jelly (D:5)
  2 hounds
  2 iguanas (D:5)
  An orc wizard (D:12)
  2 hound skeletons
  A howler monkey zombie (D:5)
  A gnoll (D:1)
  7 adders
  An adder skeleton (D:4)
  3 worms
  4 dart slugs
  16 orcs
  5 ball pythons
  5 bats
  2 endoplasms
  5 giant cockroaches
  5 goblins
  6 hobgoblins
  8 jackals
  5 kobolds
  3 quokkas
  7 frilled lizards
  5 rats
106 creatures vanquished.

Vanquished Creatures (collateral kills)
  2 jackals (D:3)
  2 foxfires (D:5)
4 creatures vanquished.

Vanquished Creatures (others)
  474 foxfires
  A withered plant (D:4)
475 creatures vanquished.

Grand Total: 585 creatures vanquished

Notes
Turn   | Place    | Note
-------+----------+-------------------------------------------
     0 | D:1      | Froggeryz the Djinni Fire Elementalist began the quest for
                  | the Orb.
     0 | D:1      | Reached XP level 1. HP: 15/15 MP: 0/0
   351 | D:1      | Reached XP level 2. HP: 20/22 MP: 0/0
   377 | D:1      | Reached skill level 1 in Fighting
   545 | D:1      | Reached XP level 3. HP: 13/27 MP: 0/0
   545 | D:1      | Learned a level 1 spell: Corona
   789 | D:1      | Reached skill level 3 in Spellcasting
  1038 | D:1      | Found Pokel's Distillery.
  2187 | D:2      | Reached XP level 4. HP: 30/32 MP: 0/0
  3107 | D:3      | Reached XP level 5. HP: 37/38 MP: 0/0
  3107 | D:3      | Learned a level 2 spell: Call Imp
  3488 | D:3      | Found a snail-covered altar of Cheibriados.
  3877 | D:4      | Noticed an ogre
  3883 | D:4      | Killed an ogre
  3884 | D:4      | Reached skill level 4 in Spellcasting
  3884 | D:4      | Reached XP level 6. HP: 40/46 MP: 0/0
  4073 | D:4      | Found a runed translucent gate.
  4073 | D:4      | Found a runed translucent gate.
  4073 | D:4      | Found a runed translucent gate.
  4095 | D:4      | Noticed Gilette's ghost (amateur FoFi)
  4095 | D:4      | Noticed Kinoniko's ghost (novice GnBe)
  4100 | D:4      | Noticed an ogre
  4104 | D:4      | Killed an ogre
  4216 | D:4      | Found an ornate altar of the Wu Jian Council.
  4669 | D:5      | Entered Level 5 of the Dungeon
  4890 | D:5      | Reached XP level 7. HP: 45/50 MP: 0/0
  4890 | D:5      | Learned a level 2 spell: Slow
  4926 | D:5      | Found a staircase to the Ecumenical Temple.
  4943 | Temple   | Entered the Ecumenical Temple
  5102 | Temple   | Became a worshipper of Ru the Awakened
  5273 | D:5      | Reached skill level 1 in Shields
  5273 | D:5      | Reached skill level 5 in Spellcasting
  5745 | D:5      | Reached XP level 8. HP: 53/56 MP: 0/0
  5818 | D:5      | Reached skill level 6 in Spellcasting
  6481 | D:6      | You are sucked into a shaft and drop 3 floors!
  6545 | D:9      | Found a staircase to the Orcish Mines.
  6545 | D:9      | Noticed a yak
  6545 | D:9      | Noticed a yak
  6546 | D:9      | Noticed a yak
  6564 | D:9      | You are sucked into a shaft and drop 3 floors!
  6620 | D:12     | Noticed a two-headed ogre
  6622 | D:12     | Noticed a two-headed ogre
  6624 | D:12     | Noticed a two-headed ogre
  6626 | D:12     | Noticed an ogre mage
  6627 | D:12     | Noticed a two-headed ogre
  6628 | D:12     | Noticed a two-headed ogre
  6638 | D:12     | Paralysed by something for 4 turns
  6640 | D:12     | Slain by a two-headed ogre

Illustrated notes

Levels and vault maps discovered:
D:1:      dpeg_arrival_fog, layout_rooms, serial_shops, nicolae_shop_statue_plus
D:2:      layout_basic, minmay_misc_feat_iff, due_unseen_surprise
D:3:      layout_basic, general_overflow_altar
D:4:      layout_basic, kennysheep_mini_moat, gammafunk_ghost_cemetery,
          minmay_misc_feat_pillars, grunt_decor_cap
D:5:      layout_loops_corners, minmay_temple_entry_overgrown,
          grunt_ministairs_7
D:6:      layout_basic, amcnicky_altar_gilded, gammafunk_ghost_icy,
          chequers_serial_rivers_micro_b
D:9:      layout_basic, grunt_qazlal_clouds, david_orc_3
D:12:     layout_basic, serial_glass, glass_columns_b, glass_columns_b,
          minmay_strange_pillars, minmay_strange_pillars, feat_on_display,
          due_unseen_surprise, drop_trap
Temple:   nicolae_temple_elliptical

Skill      XL: |  1  2  3  4  5  6  7  8 |
---------------+-------------------------+-----
Fighting       | 1 2 3 |  3.5
Spellcasting   | 3 4 5 6 |  6.3
Shields        | 2 3 |  3.5
Dodging        | |  2.1
Stealth        | |  1.5

Action                   |  1- 3 |  4- 6 |  7- 9 || total
-------------------------+-------+-------+-------++-------
Melee: Dagger            |    10 |       |       ||    10
       Staff             |       |     2 |       ||     2
 Cast: Foxfire           |    71 |   142 |    82 ||   295
       Call Imp          |       |     3 |     9 ||    12
       Slow              |       |       |     1 ||     1
  Use: Scroll            |       |     5 |     3 ||     8
Armor: Robe              |     6 |     9 |    12 ||    27
Dodge: Dodged            |     7 |    14 |    17 ||    38

Table legend: (Time is in decaauts)
 A = Elapsed time spent in this place.
 B = Non-inter-level travel time spent in this place.
 C = Inter-level travel time spent in this place.
 D = Time resting spent in this place.
 E = Time spent auto-exploring this place.
 F = Levels seen in this place.
 G = Mean time per level.
                   A        B        C        D        E       F      G
               +--------+--------+--------+--------+--------+-----+--------+
         Total |   6638 |   6351 |    287 |    100 |   5455 |   9 |  737.6 |
       Dungeon |   6447 |   6190 |    257 |    100 |   5302 |   8 |  805.9 |
        Temple |    190 |    160 |     30 |      0 |    153 |   1 |  190.0 |
               +--------+--------+--------+--------+--------+-----+--------+

Top non-repeatable levels by time:
     D:1: 1517 daAuts
     D:5: 1469 daAuts
     D:2: 1337 daAuts
     D:4: 984 daAuts
     D:3: 828 daAuts
  Temple: 190 daAuts
     D:6: 151 daAuts
     D:9: 82 daAuts
    D:12: 75 daAuts
